AoeStats
← Reberner

Arabian Desert

510139917Analyzed
1v1 RM · 3d ago on Sep 29, 2026· 40m 5s· 2 players
Game mode
Random Map
Map size
Tiny (2 player)
Population
200
Speed
Normal
Resources
Standard
Victory
Conquest
Starting age
Dark Age
Ending age
Imperial Age
RankedLock teamsTeams togetherTeam positionsShared explorationLock speedFull tech treeHidden civsTurbo modeCheats
Victory
Defeat
🇦🇷 Bulgarians · Argentina
1507
+13
🇭🇺 Danes · Hungary
1437
-13
SwetOtto
6:46 Loom
10:11 Feudal Age
11:11 Double-Bit Axe
15:09 Fletching
21:22 Wheelbarrow
21:16 Horse Collar
22:40 Padded Archer Armor
27:30 Castle Age
25:48 Gold Mining
26:34 Scale Barding Armor
26:40 Forging
26:28 Stone Mining
27:30 Bloodlines
27:25 Scale Mail Armor
28:50 Bow Saw
29:33 Husbandry
34:54 Hand Cart
34:46 Stone Mining
39:51 Chain Barding Armor
Reberner
6:51 Loom
8:55 Feudal Age
9:24 Loom
9:21 Man-at-Arms
13:57 Fletching
17:45 Padded Archer Armor
23:50 Castle Age
23:52 Crossbowman
31:08 Pikeman
32:08 Squires
32:18 Scale Mail Armor
36:06 Squires
37:40 Wheelbarrow
Connection lost

Rejoining the realm…

Still unreachable

The connection could not be restored.

Session expired

The server has moved on; the page needs a fresh start.